 Dungeon Crawl Stone Soup version 0.29-a0-322-g68df515428 (webtiles) character file.

Game seed: 16553836747608321672

1032 BritishOli the Skirmisher (level 8, 0/63 HPs)
             Began as a Demonspawn Monk on Apr 9, 2022.
             Slain by a gnoll
             ... wielding a +0 club
              (2 damage)
             ... on level 6 of the Dungeon.
             The game lasted 00:04:15 (4550 turns).

BritishOli the Skirmisher (Demonspawn Monk)         Turns: 4550, Time: 00:04:16

Health: 0/63       AC: 17    Str: 14    XL:     8   Next: 3%
Magic:  8/8        EV: 12    Int: 14    God:
Gold:   357        SH:  0    Dex: 20    Spells: 7/7 levels left

rFire   + . .      SeeInvis .   a - +0 falchion
rCold   . . .      Faith    +   (no shield)
rNeg    . . .      Spirit   .   e - +0 scale mail
rPois   +          Reflect  .   (helmet restricted)
rElec   .          Harm     .   (no cloak)
rCorr   .          Rampage  .   d - +0 pair of gloves
Will    .....                   (no boots)
Stlth   +.........              o - amulet "Kuyjub" {Faith Int+3 Dex+4}
HPRegen 0.20/turn               f - ring of poison resistance
MPRegen 0.11/turn               g - ring of protection from fire

@: sanguine armoured
A: antennae 2, spiny 2, sanguine armour 2
a: no special abilities


You were on level 6 of the Dungeon.
You visited 1 branch of the dungeon, and saw 6 of its levels.

You collected 357 gold pieces.

Inventory:

Hand Weapons
 a - a +0 falchion (weapon)
Armour
 d - a +0 pair of gloves (worn)
 e - a +0 scale mail (worn)
Jewellery
 f - a ring of poison resistance (left hand)
 g - a ring of protection from fire (right hand)
 o - the amulet "Kuyjub" (around neck) {Faith Int+3 Dex+4}
   (You found it on level 3 of the Dungeon)

   [amulet of faith]

   It allows you to gain divine favour quickly.
   Int:       It affects your intelligence (+3).
   Dex:       It affects your dexterity (+4).
 r - an amulet of the acrobat
Wands
 k - a wand of flame (28)
Scrolls
 b - 7 scrolls of identify {unknown}
 i - 3 scrolls of enchant armour {unknown}
 m - a scroll of fog {unknown}
 n - 3 scrolls of magic mapping {unknown}
 p - 3 scrolls of teleportation {unknown}
 q - a scroll of summoning {unknown}
 v - a scroll of enchant weapon {unknown}
Potions
 c - 2 potions of ambrosia
 h - a potion of mutation {unknown}
 j - 3 potions of curing {unknown}
 l - 2 potions of heal wounds {unknown}
 s - a potion of brilliance {unknown}
 t - 2 potions of degeneration {unknown}
 u - a potion of resistance {unknown}


   Skills:
 + Level 5.4 Fighting
 + Level 5.0 Long Blades
 + Level 4.0 Armour
 + Level 5.0 Dodging
 - Level 2.0 Stealth


You had 7 spell levels left.
You didn't know any spells.
Your spell library contained the following spells:

 Spells                   Type           Power      Damage    Failure   Level
 Slow                     Hex            0%         N/A       75%         1
 Confusing Touch          Hex            0%         N/A       98%         3
 Vampiric Draining        Necr           0%         2d6       98%         3


Dungeon Overview and Level Annotations

Branches:
Dungeon (6/15)
 Temple: D:4-7

Altars:
Fedhas
Gozag
Qazlal
Uskayaw
Zin


Innate Abilities, Weirdness & Mutations

You have a pair of antennae on your head.
You are mostly covered in sharp spines.
When seriously injured, your blood forms thick armour. (AC +9)


Message History

The gnoll attacks as you move away! The gnoll is struck by your spines.
The gnoll barely misses you. The gnoll completely misses you.
The gnoll shaman misses you. The gnoll hits you but does no damage.
Things that are here:
a +2 flail of protection; a gnoll corpse The gnoll shaman invokes the aid of its god against you.
You resist with some effort.
The gnoll shaman calls upon its god to heal the gnoll.
The gnoll's wounds heal themselves!
The gnoll hits you but does no damage.
Things that are here:
a +0 halberd; a +1 vorpal spear; a gnoll corpse The gnoll hits you but does no damage.
Things that are here:
a +0 club; a +0 club The gnoll hits you but does no damage.
The gnoll hits you but does no damage.
You hit the gnoll shaman but do no damage.
The gnoll barely misses you. x2
You slash the gnoll shaman!
The gnoll shaman is heavily wounded.
The gnoll hits you but does no damage.
The gnoll shaman hits you with a +3 whip.
* * * LOW HITPOINT WARNING * * *
The gnoll hits you but does no damage.
You hit the gnoll shaman.
The gnoll shaman is heavily wounded.
The gnoll hits you but does no damage.
The gnoll shaman is struck by your spines.
You kill the gnoll shaman!
The gnoll hits you but does no damage.
Your Armour skill increases to level 4!
You barely miss the gnoll.
The gnoll hits you from afar with a +0 spear.
* * * LOW HITPOINT WARNING * * *
The gnoll closely misses you.
You slash the gnoll!
The gnoll is severely wounded.
The gnoll hits you but does no damage. The gnoll closely misses you.
The gnoll hits you with a +0 club.
You die...

.......g#..#...........##
.......#g...#........###
.......#.))..##...#..#
.........)......####.##
........##{..#### ##.##
.......# ##)## #..##
......# #gg# ##..# ....##
##g## ##)### ## #.@#
#..#. ###.## ##...
###.#.# ##.. ###.....#
##.. ##.......# #..†
#........# #...
.........# #...
.........# #.>.
.........# #...


You could see 3 gnolls.

Vanquished Creatures
  Grinder (D:5)
  An ice beast (D:6)
  2 black bears
  A bullfrog (D:3)
  A scorpion (D:5)
  A hound (D:5)
  An orc priest (D:4)
  2 gnoll shamans (D:6)
  2 iguanas
  Robin (D:3)
  7 adders
  13 gnolls
  A worm (D:3)
  A dart slug (D:4)
  5 orcs
  4 ball pythons
  10 bats
  5 endoplasms
  A giant cockroach (D:2)
  18 goblins
  6 hobgoblins
  2 jackals (D:3)
  4 kobolds
  2 quokkas
  3 frilled lizards
  A rat (D:1)
96 creatures vanquished.

Notes
Turn   | Place    | Note
-------+----------+-------------------------------------------
     0 | D:1      | BritishOli the Demonspawn Monk began the quest for the Orb.
     0 | D:1      | Reached XP level 1. HP: 18/18 MP: 1/1
   359 | D:1      | Gained mutation: When seriously injured, your blood forms
                  | armour. (AC +9) [demonic ancestry]
   359 | D:1      | Reached XP level 2. HP: 22/24 MP: 2/2
   517 | D:1      | Found a faded altar of an unknown god.
  1362 | D:2      | Identified the +8 plate armour of Card Tricks {+Inv}
  1487 | D:2      | Reached skill level 1 in Armour
  1487 | D:2      | Gained mutation: You are partially covered in sharp spines.
                  | [demonic ancestry]
  1487 | D:2      | Reached XP level 3. HP: 22/29 MP: 3/3
  2018 | D:3      | Noticed Robin
  2032 | D:3      | Gained mutation: You have a pair of small antennae on your
                  | head. [demonic ancestry]
  2032 | D:3      | Reached XP level 4. HP: 21/35 MP: 4/4
  2032 | D:3      | Killed Robin
  2155 | D:3      | Identified the amulet "Kuyjub" {Faith Int+3 Dex+4}
  2296 | D:3      | Noticed a bullfrog
  2303 | D:3      | Killed a bullfrog
  2304 | D:3      | Gained mutation: You are mostly covered in sharp spines.
                  | [demonic ancestry]
  2304 | D:3      | Reached XP level 5. HP: 26/42 MP: 5/5
  3552 | D:5      | Entered Level 5 of the Dungeon
  3580 | D:5      | Found a hide-covered altar of Uskayaw.
  3582 | D:5      | Noticed a +0 hand axe
  3582 | D:5      | Noticed a +0 hand axe
  3587 | D:5      | Gained mutation: You have a pair of antennae on your head.
                  | [demonic ancestry]
  3587 | D:5      | Reached XP level 6. HP: 47/48 MP: 6/6
  3648 | D:5      | Found a blossoming altar of Fedhas.
  3651 | D:5      | Found a stormy altar of Qazlal.
  3884 | D:5      | Noticed Grinder
  3894 | D:5      | Killed Grinder
  3895 | D:5      | Gained mutation: When seriously injured, your blood forms
                  | thick armour. (AC +9) [demonic ancestry]
  3895 | D:5      | Reached XP level 7. HP: 49/55 MP: 7/7
  4118 | D:5      | Found an opulent altar of Gozag.
  4180 | D:5      | Reached skill level 5 in Fighting
  4506 | D:6      | Reached skill level 5 in Dodging
  4509 | D:6      | Reached skill level 5 in Long Blades
  4509 | D:6      | Reached XP level 8. HP: 24/63 MP: 8/8
  4549 | D:6      | HP: 2/63 [gnoll/+0 spear (6)]
  4550 | D:6      | Slain by a gnoll

Illustrated notes

Levels and vault maps discovered:
D:1:      lemuel_arrival_tunnels, layout_basic,
          hellmonk_ecumenical_altar_blasted
D:2:      layout_basic, chequers_serial_rivers_micro_a, grunt_ministairs_2,
          serial_bayou_ford_a, small_statue_intersection
D:3:      layout_basic, old_standard_altar, minmay_starry_boxes, uniq_robin
D:4:      layout_basic
D:5:      layout_basic, nicolae_overflow_crystal_walls, dancing_weapons_uskayaw,
          grunt_temple_overflow_forces_of_nature,
          nicolae_concentric_dashed_squares_wild, uniq_grinder
D:6:      layout_cave_pods, minmay_misc_feat_chi, minmay_misc_feat_enclosed

Skill      XL: |  1  2  3  4  5  6  7  8 |
---------------+-------------------------+-----
Stealth        | 2 |  2.0
Long Blades    | 3 4 5 |  5.0
Dodging        | 3 4 5 |  5.0
Armour         | 1 2 3 4 |  4.0
Fighting       | 4 5 |  5.4

Action                   |  1- 3 |  4- 6 |  7- 9 || total
-------------------------+-------+-------+-------++-------
Melee: Falchion          |    97 |    83 |    58 ||   238
       Punch             |       |     2 |       ||     2
 Stab: Sleeping          |     1 |       |       ||     1
Armor: Robe              |     9 |       |       ||     9
       Scale mail        |    21 |    35 |    52 ||   108
Dodge: Dodged            |    69 |    37 |    47 ||   153

Table legend: (Time is in decaauts)
 A = Elapsed time spent in this place.
 B = Non-inter-level travel time spent in this place.
 C = Inter-level travel time spent in this place.
 D = Time resting spent in this place.
 E = Time spent auto-exploring this place.
 F = Levels seen in this place.
 G = Mean time per level.
                   A        B        C        D        E       F      G
               +--------+--------+--------+--------+--------+-----+--------+
         Total |   4579 |   4475 |    104 |      0 |   3854 |   6 |  763.2 |
       Dungeon |   4579 |   4475 |    104 |      0 |   3854 |   6 |  763.2 |
               +--------+--------+--------+--------+--------+-----+--------+

Top non-repeatable levels by time:
     D:1: 1128 daAuts
     D:3: 924 daAuts
     D:4: 763 daAuts
     D:2: 759 daAuts
     D:5: 758 daAuts
     D:6: 245 daAuts
